 Dungeon Crawl Stone Soup version 0.20.0-15-g7f486f2 (webtiles) character file.

517 Chiseanne the Nimble (level 7, 0/33 HPs)
             Began as a Spriggan Warper on June 25, 2017.
             Slain by a mummy (14 damage)
             ... in an ossuary.
             The game lasted 00:09:04 (4565 turns).

Chiseanne the Nimble (Spriggan Warper)              Turns: 4565, Time: 00:09:05

Health: 0/33       AC:  3    Str:  7    XL:     7   Next: 0%
Magic:  0/16       EV: 25    Int: 16    God:
Gold:   192        SH:  0    Dex: 16    Spells: 3/17 levels left

rFire    . . .     SeeInvis +   a - +1 dagger (venom)
rCold    . . .     Gourm    .   (shield restricted)
rNeg     . . .     Faith    .   b - +1 robe
rPois    .         Spirit   +   (helmet restricted)
rElec    .         Reflect  .   (no cloak)
rCorr    +         Harm     .   (gloves unavailable)
MR       +....                  (boots unavailable)
Stlth    +.........             g - amulet of guardian spirit
Regen    0.2/turn               (no ring)
MPRegen  0.2/turn               t - ring of resist corrosion

@: very quick
A: unfitting armour, see invisible, herbivore 3, speed 3, slow metabolism 2
a: no special abilities


You were in an ossuary.
You were not hungry.

You visited 1 branch of the dungeon, and saw 4 of its levels.
You also visited: Ossuary.

You collected 192 gold pieces.

Inventory:

Hand Weapons
 a - a +1 dagger of venom (weapon)
Missiles
 l - 27 bolts
 m - 43 stones (quivered)
 o - 13 poisoned needles
 q - 8 sling bullets
 v - 44 arrows
 y - 8 tomahawks
Armour
 b - a +1 robe (worn)
 z - a +2 robe of magic resistance
Jewellery
 g - an amulet of guardian spirit (around neck)
 t - a ring of resist corrosion (right hand)
Wands
 e - a wand of scattershot (0/9)
Scrolls
 d - a scroll of blinking
 n - 4 scrolls of amnesia
Potions
 h - 2 potions of flight
 p - a potion of brilliance {unknown}
 r - a potion of agility {unknown}
 u - a potion of haste
 w - a potion of might {unknown}
 x - a potion of ambrosia {unknown}
Books
 c - a book of Spatial Translocations

   Spells                             Type                      Level
   a - Blink                          Translocation                2
   b - Shroud of Golubria             Charms/Translocation         2
   c - Lesser Beckoning               Translocation                3
   d - Gell's Gravitas                Translocation                3
   e - Teleport Other                 Translocation                3
   f - Passage of Golubria            Translocation                4
Comestibles
 f - 2 bread rations


   Skills:
 - Level 1.5 Fighting
 - Level 2.1 Short Blades
 - Level 1.0 Throwing
 * Level 9.1 Dodging
 * Level 5.9 Spellcasting
 - Level 4.4 Translocations


You had 3 spell levels left.
You knew the following spells:

 Your Spells              Type           Power        Failure   Level  Hunger
a - Blink                 Tloc           N/A          3%          2    #......
b - Shroud of Golubria    Chrm/Tloc      ##........   9%          2    #......
c - Teleport Other        Tloc           ###.....     7%          3    ##.....
d - Passage of Golubria   Tloc           N/A          22%         4    ####...
e - Gell's Gravitas       Tloc           ###.......   7%          3    ##.....


Dungeon Overview and Level Annotations

Branches:
Dungeon (4/15)
 Temple: D:4-7

Altars:
Elyvilon
Nemelex Xobeh

Annotations:
D:3 Chiseanne's ghost, amateur SpWr


Innate Abilities, Weirdness & Mutations

You are very small and have problems with some larger weapons.
You are too small for most types of armour.
You have supernaturally acute eyesight. (SInv)
You are a herbivore.
You cover ground extremely quickly.
You need consume almost no food.


Message History

You hit the mummy.
The mummy is almost destroyed.
You hit the mummy but do no damage.
The mummy is almost destroyed.
The mummy hits you!
You hit the mummy.
The mummy is almost destroyed.
You hit the mummy but do no damage.
The mummy is almost destroyed.
The mummy completely misses you.
You hit the mummy.
The mummy is almost destroyed.
You hit the mummy but do no damage.
The mummy is almost destroyed.
The mummy hits you!
* * * LOW HITPOINT WARNING * * *
You closely miss the mummy.
The mummy is almost destroyed.
You feel better. The mummy hits you!
You die...

#...# #...# #...#
#...# #...# #...#
#'### ###'# #^^.#
#.^.# #^^.#####
#######^..#
#^..#...#!!!?#...#.^.#
#^..'.∩.#!()!+.∩M'^^.#
#∩..#...#?!??#..@#...#
######### ###########


You could see a mummy.

Vanquished Creatures
  Sigmund (D:3)
  2 water moccasin zombies (Ossuary)
  Ijyb (D:3)
  An orc wizard (D:3)
  3 big kobold zombies (Ossuary)
  A mummy (Ossuary)
  5 adders
  An ooze (D:2)
  4 adder zombies (Ossuary)
  A worm (D:4)
  3 dart slugs (D:2)
  9 orcs (D:3)
  9 bats
  5 giant cockroaches
  10 goblins
  6 hobgoblins
  3 jackals
  3 quokkas
  A ball python (D:3)
  2 frilled lizards
  3 gnoll zombies (Ossuary)
  4 hobgoblin zombies (Ossuary)
  6 kobolds
  4 kobold zombies (Ossuary)
  2 orc zombies (Ossuary)
  4 rats
94 creatures vanquished.

Vanquished Creatures (others)
  A leopard gecko (D:2)
  A bat (D:3)
  A goblin (D:3)
  A jackal (D:4)
  A quokka (D:3)
5 creatures vanquished.

Grand Total: 99 creatures vanquished

Notes
Turn   | Place    | Note
-------+----------+-------------------------------------------
     0 | D:1      | Chiseanne the Spriggan Warper began the quest for the Orb.
     0 | D:1      | Reached XP level 1. HP: 10/10 MP: 5/5
    83 | D:1      | Reached skill level 4 in Dodging
   127 | D:1      | Reached XP level 2. HP: 8/14 MP: 6/6
   804 | D:2      | Reached skill level 5 in Dodging
  1272 | D:2      | Reached XP level 3. HP: 16/18 MP: 8/8
  1411 | D:2      | Reached skill level 6 in Dodging
  1645 | D:2      | Reached XP level 4. HP: 22/22 MP: 9/9
  2005 | D:2      | Found a sparkling altar of Nemelex Xobeh.
  2375 | D:3      | Noticed Chiseanne's ghost (amateur SpWr)
  2615 | D:3      | Learned a level 2 spell: Blink
  2618 | D:3      | Learned a level 2 spell: Shroud of Golubria
  2622 | D:3      | Learned a level 3 spell: Teleport Other
  2698 | D:3      | Found a white marble altar of Elyvilon.
  2714 | D:3      | Reached skill level 7 in Dodging
  2729 | D:3      | Noticed Sigmund
  2765 | D:3      | Killed Sigmund
  2765 | D:3      | Reached skill level 8 in Dodging
  2765 | D:3      | Reached XP level 5. HP: 19/25 MP: 8/12
  2781 | D:3      | Noticed Ijyb
  2799 | D:3      | Killed Ijyb
  2799 | D:3      | Reached XP level 6. HP: 19/30 MP: 8/14
  3051 | D:3      | Reached skill level 5 in Spellcasting
  3527 | D:4      | Found a sand-covered staircase.
  3533 | Ossuary  | Entered an ossuary
  3998 | Ossuary  | Learned a level 4 spell: Passage of Golubria
  4002 | Ossuary  | Learned a level 3 spell: Gell's Gravitas
  4447 | Ossuary  | Reached skill level 9 in Dodging
  4539 | Ossuary  | Reached XP level 7. HP: 27/33 MP: 12/16
  4565 | Ossuary  | Slain by a mummy

Skill      XL: |  1  2  3  4  5  6 |
---------------+-------------------+-----
Dodging        | 4 5 6 8 9 |  9.1
Spellcasting   | 4 5 |  5.9
Fighting       | |  1.5
Short Blades   | |  2.1
Throwing       | |  1.0
Translocations | |  4.4

Action                   |  1- 3 |  4- 6 |  7- 9 || total
-------------------------+-------+-------+-------++-------
Melee: Short sword       |   168 |    64 |       ||   232
       Dagger            |       |   363 |    24 ||   387
Throw: Tomahawk          |     2 |     3 |       ||     5
Evoke: Wand              |       |     3 |       ||     3
  Use: Scroll            |     5 |     6 |       ||    11
       Potion            |     2 |     1 |     2 ||     5
 Stab: Distracted        |     1 |       |       ||     1
       Sleeping          |       |     1 |       ||     1
  Eat: Royal jelly       |       |     2 |       ||     2
       Fruit             |       |     1 |       ||     1
Armor: Robe              |    20 |    30 |       ||    50
Dodge: Dodged            |   190 |   354 |    10 ||   554
